 Dungeon Crawl Stone Soup version 0.29-a0-664-gff9cad4a3d (webtiles) character file.

Game seed: 5995020106967642827

49 happo123 the Conjurer (level 3, -1/20 HPs)
             Began as a Gargoyle Conjurer on June 23, 2022.
             Slain by Terence
             ... wielding a +1 trident of protection
              (5 damage)
             ... on level 1 of the Dungeon.
             The game lasted 00:08:14 (1606 turns).

happo123 the Conjurer (Gargoyle Conjurer)           Turns: 1606, Time: 00:08:14

Health: -1/20      AC:  6    Str: 10    XL:     3   Next: 75%
Magic:  0/6        EV: 11    Int: 20    God:
Gold:   84         SH:  0    Dex:  8    Spells: 0/6 levels left

rFire   . . .      SeeInvis .   i - +0 whip
rCold   . . .      Faith    .   (no shield)
rNeg    + . .      Spirit   .   a - +0 robe
rPois   ∞          Reflect  .   (no helmet)
rElec   +          Harm     .   d - +0 cloak
rCorr   .          Rampage  .   (no gloves)
Will    .....                   (no boots)
Stlth   ++........              (no amulet)
HPRegen 0.06/turn               c - ring of flight
MPRegen 0.10/turn               (no ring)

@: flying
A: sickness immunity, AC +3, negative energy resistance 1, electricity
resistance, torment resistance 1, petrification resistance
a: no special abilities


You were on level 1 of the Dungeon.
You visited 1 branch of the dungeon, and saw 2 of its levels.

You collected 84 gold pieces.

Inventory:

Hand Weapons
 f - a +0 dagger
 i - a +0 whip (weapon)
Armour
 a - a +0 robe (worn)
 d - a +0 cloak (worn)
 j - a +0 leather armour
Jewellery
 c - a ring of flight (left hand)
Scrolls
 g - a scroll of identify {unknown}
 l - a scroll of fog {unknown}
Potions
 b - 2 potions of magic
 e - 2 potions of brilliance {unknown}
 h - a potion of haste {unknown}
 k - a potion of attraction {unknown}


   Skills:
 + Level 0.6 Fighting
 + Level 0.3 Maces & Flails
 + Level 0.8 Armour
 + Level 1.8 Dodging
 + Level 2.5 Stealth
 * Level 2.4 Spellcasting
 * Level 4.6 Conjurations
 + Level 0.7 Hexes


You couldn't memorise any spells.
You knew the following spells:

 Your Spells              Type           Power      Damage    Failure   Level
a - Magic Dart            Conj           84%        1d7       2%          1
b - Searing Ray           Conj           42%        2d6       3%          2
c - Dazzling Flash        Conj/Hex       26%        N/A       14%         3

Your spell library contained the following spells:

 Spells                   Type           Power      Damage    Failure   Level
 Summon Small Mammal      Summ           8%         N/A       16%         1
 Summon Guardian Golem    Hex/Summ       3%         N/A       36%         3
 Call Canine Familiar     Summ           2%         N/A       41%         3
 Fulminant Prism          Conj/Hex       6%         3d7       43%         4
 Iskenderun's Mystic Bla  Conj/Tloc      11%        2d4       50%         4


Dungeon Overview and Level Annotations

Branches:
Dungeon (2/15)

Altars:
Nemelex Xobeh

Annotations:
D:1 Terence


Innate Abilities, Weirdness & Mutations

You are immune to sickness and miasma.
Your stone body is resilient. (AC +3)
You are immune to poison.
You resist negative energy. (rN+)
You are resistant to electric shocks. (rElec)
You are resistant to unholy torment.
You are immune to petrification.


Message History

Robin throws the goblin at you!
The goblin hits you but does no damage. x2
There is a stone staircase leading up here.
Robin throws the goblin at you! Terence closely misses you.
The goblin hits you with a +0 dagger of venom.
The goblin barely misses you.
You fly upwards.
There is a stone staircase leading down here.
Aiming: Magic Dart (safe; 2% risk of failure)
Press: ? - help, Q - select action, (/) - cycle Shift-Dir - straight line, f - Terence
Aim: Terence, wielding a +1 trident of protection and wearing a +0 chain mail (100% to hit)
The magic dart hits Terence but does no damage.
The goblin hits you but does no damage.
Terence hits you with a +1 trident of protection.
The goblin hits you but does no damage.
Aiming: Magic Dart (safe; 2% risk of failure)
Press: ? - help, Q - select action, (/) - cycle Shift-Dir - straight line, f/p - Terence
Aim: Terence, wielding a +1 trident of protection and wearing a +0 chain mail (100% to hit)
The magic dart hits Terence but does no damage.
The goblin misses you. Terence barely misses you. The goblin barely misses you.
Casting: Magic Dart (safe; 2% risk of failure)
Confirm with . or Enter, or press ? or * to list all spells.
Aiming: Searing Ray (safe; 3% risk of failure)
Press: ? - help, Shift-Dir - straight line, f - Robin, p - Terence
Aim: Robin, wielding a +0 mace, wearing a +0 animal skin and wearing a +0 helmet (84% to hit)
The searing ray hits the goblin!
You kill the goblin!
The searing ray hits Robin.
Robin is lightly wounded. (Press . to maintain the ray.)
The goblin closely misses you.
Terence hits you with a +1 trident of protection!
* * * LOW HITPOINT WARNING * * *
The searing ray hits Robin.
Robin is heavily wounded.
The goblin hits you but does no damage. Terence closely misses you.
The searing ray hits Robin!
You kill Robin!
The goblin hits you but does no damage.
Terence hits you with a +1 trident of protection.
You die...

...♣.....................#.......
♣♣♣♣♣♣♣♣♣♣♣###############...#.#.
############.########### #...#.#.
.......................# #...#.#.
.####.##.#...#.#######.###..##.#.
....#.##.#...#.### #.#....##.#.
..#.#.##.#.......# #.#.#.....#.
..#.#....#..#..@)# #.#.#######.
.##.#.##.#..#..g@# #.#.# #.
.#..........##.### #.#.#######.
......##.#.###.#######.#.........
.#..#.##.#.# #.##.)..#.#.########
.##.#.##.#.# #.##....#..........#
......##.#.# #...........######.#
....#.##.#.# ####....###.# #.#
.#.##.##.#.# #....# #.# #.#
...#####.#.# ###### #.# #.#


You could see Terence and a goblin.

Vanquished Creatures
  Robin (D:1)
  2 adders
  3 dart slugs (D:1)
  A ball python (D:1)
  An endoplasm (D:1)
  2 giant cockroaches (D:1)
  6 goblins (D:1)
  3 hobgoblins (D:1)
  A quokka (D:1)
  2 kobolds (D:1)
  2 rats (D:1)
24 creatures vanquished.

Notes
Turn   | Place    | Note
-------+----------+-------------------------------------------
     0 | D:1      | happo123 the Gargoyle Conjurer began the quest for the Orb.
     0 | D:1      | Reached XP level 1. HP: 10/10 MP: 3/3
   136 | D:1      | Reached XP level 2. HP: 15/15 MP: 3/5
   151 | D:1      | Learned a level 2 spell: Searing Ray
   594 | D:1      | You are sucked into a shaft and drop 1 floor!
   634 | D:2      | Reached XP level 3. HP: 16/20 MP: 1/6
   638 | D:2      | Learned a level 3 spell: Dazzling Flash
   639 | D:2      | Found a sparkling altar of Nemelex Xobeh.
   639 | D:2      | Noticed Terence
  1335 | D:1      | Found a faded altar of an unknown god.
  1510 | D:2      | Noticed Robin
  1606 | D:1      | Killed Robin
  1606 | D:1      | Slain by Terence

Illustrated notes

Levels and vault maps discovered:
D:1:      erik_arrival_cave_to_civilisation [erik_arrival_cave_to_hall],
          layout_basic, basic_ecumenical_altar
D:2:      layout_basic, basic_altar, kennysheep_generic_room_8, uniq_robin,
          uniq_terence

Action                   || total
-------------------------++-------
Melee: Unarmed           ||    12
       Dagger            ||     6
       Whip              ||    16
 Cast: Magic Dart        ||    38
       Searing Ray       ||     2
 Stab: Sleeping          ||     1
Armor: Robe              ||    23
Dodge: Dodged            ||    54

Table legend: (Time is in decaauts)
 A = Elapsed time spent in this place.
 B = Non-inter-level travel time spent in this place.
 C = Inter-level travel time spent in this place.
 D = Time resting spent in this place.
 E = Time spent auto-exploring this place.
 F = Levels seen in this place.
 G = Mean time per level.
                   A        B        C        D        E       F      G
               +--------+--------+--------+--------+--------+-----+--------+
         Total |   1608 |   1297 |    311 |     82 |    884 |   2 |  804.0 |
       Dungeon |   1608 |   1297 |    311 |     82 |    884 |   2 |  804.0 |
               +--------+--------+--------+--------+--------+-----+--------+

Top non-repeatable levels by time:
     D:1: 1449 daAuts
     D:2: 159 daAuts
